[Event "13 ème Rapide Isle 2019"]
[Site "Isle, France"]
[Date "2019.09.22"]
[Round "1.1"]
[White "Augonnet, Herve"]
[Black "Chamaillard, Sylvain"]
[Result "0-1"]
[TimeControl "15'+5''"]
[WhiteElo "1614"]
[BlackElo "2033"]

1. e4 c5 2. Nf3 Nf6 3. Nc3 d5 4. exd5 Nxd5 5. Be2 Nc6 6. O-O Nxc3 7. bxc3 e6 8. d4 Be7 9. Be3 O-O 10. Rb1 b6 11. Bb5 Bb7 12. Qe2 cxd4 13. cxd4 a6 14. Bd3 Bf6 15. Rfd1 Ne7 16. c3 Qc7 17. Rdc1 b5 18. h3 Nd5 19. Bd2 Rac8 20. c4 Nf4 21.
Bxf4 Qxf4 22. Qe3 Qxe3 23. fxe3 bxc4 24. Bxc4 Be4 25. Rb6 Bd3 26. Rb4 Be7 27. Ra4 a5 28. Ne5 Be4 29. Re1 Bb4 30.
a3 Bxe1 0-1

[Event "13 ème Rapide Isle 2019"]
[Site "Isle, France"]
[Date "2019.09.22"]
[Round "1.2"]
[White "Bedouin, Xavier"]
[Black "Randisi, Stephane"]
[Result "1-0"]
[TimeControl "15'+5''"]
[WhiteElo "2295"]
[BlackElo "1556"]

1. c4 c5 2. g3 Nc6 3. Bg2 Nf6 4. Nc3 g6 5. Nf3 Bg7 6. d4 cxd4 7. Nxd4 O-O 8. O-O Nxd4 9. Qxd4 d6 10. Qd3 Rb8 11. b3 Qc7 12.
Bb2 Rd8 13. Rac1 e6 14. Rfd1 Ne8 15. Nb5 Qa5 16. Bxg7 Kxg7 17. Qd4+ Kg8 18. Qxa7 Ra8 19. Qxa5 Rxa5 20. a4 Ra6 21. Rd2 Kf8 22. Rcd1 Ke7 23. f4 f5 24. h3 h5 25. e4 b6 26.
e5 d5 27. cxd5 exd5 28. Bxd5 Be6 29. Bxe6 Rxd2 30. Rxd2 Kxe6 31. Rd8 Ke7 32. Rxe8+ Kxe8 33. Nc7+ 1-0

[Event "13 ème Rapide Isle 2019"]
[Site "Isle, France"]
[Date "2019.09.22"]
[Round "1.3"]
[White "Lavaud, Clement"]
[Black "Saada, Julien"]
[Result "0-1"]
[TimeControl "15'+5''"]
[WhiteElo "1690"]
[BlackElo "2258"]

1. e4 c6 2. d4 d5 3. e5 Bf5 4. Bd3 Bxd3 5. Qxd3 e6 6. Nf3 Qa5+ 7. Bd2 Qa6 8. Qxa6 Nxa6 9. a3 c5 10.
dxc5 Bxc5 11. c3 Ne7 12. Nd4 Bxd4 13. cxd4 Nf5 14. Bc3 h5 15. Nd2 Nb8 16. Nb3 Nc6 17. O-O-O Rc8 18. Kb1 b6 19. h3 h4 20. Nc1 a5 21. Ne2 b5 22. Rc1 Kd7 23. g3 hxg3 24. fxg3 b4 25. g4 Ne3 26. axb4 axb4 27. Bd2 Nc4 28. Kc2 b3+ 29. Kc3 N6a5 30. Ra1 Nxe5+ 31. Kb4 Nec6+ 32. Ka4 Ra8 33. Bxa5 Rhb8 34. Rac1 Rxa5# 0-1

[Event "13 ème Rapide Isle 2019"]
[Site "Isle, France"]
[Date "2019.09.22"]
[Round "1.4"]
[White "Saucey, Michel"]
[Black "Coussy, Tyffanie"]
[Result "1-0"]
[TimeControl "15'+5''"]
[WhiteElo "2243"]
[BlackElo "1628"]

1. d4 d5 2. Nf3 Bf5 3. c4 e6 4.
Nc3 Nf6 5. Qb3 b6 6. cxd5 Nxd5 7. e4 Nxc3 8. exf5 Nd5 9.
Bd2 Be7 10. fxe6 fxe6 11. Bc4 O-O 12. O-O Bf6 13. Rae1 Qd7 14. Rxe6 c6 15. Rfe1 Kh8 16. h3 Ne7 17. Bb4 Re8 18. Qe3 c5 19. dxc5 bxc5 20. Bxc5 Nbc6 21. Bb5 Rac8 22.
b4 Rc7 23. a4 Kg8 24. Bd6 Rb7 25. Ba6 Rxb4 26. Bxb4 Nxb4 27. Bb5 Qc7 28. Bxe8 1-0

[Event "13 ème Rapide Isle 2019"]
[Site "Isle, France"]
[Date "2019.09.22"]
[Round "2.1"]
[White "Chamaillard, Sylvain"]
[Black "Pottier, Simeon"]
[Result "1-0"]
[TimeControl "15'+5''"]
[WhiteElo "2033"]
[BlackElo "2205"]

1. e4 c5 2. Nf3 Nc6 3. Bb5 g6 4. c3 Bg7 5. O-O Nf6 6.
Re1 O-O 7. d4 cxd4 8. cxd4 d5 9.
e5 Ne4 10. Nc3 Nxc3 11. bxc3 Na5 12. Ba3 Bf5 13. e6 Bxe6 14. Ng5 a6 15. Bd3 Qd7 16.
Qe2 Rac8 17. Rac1 Rc6 18. h4 Re8 19. Qf3 Bf6 20. Bb4 Bg4 21. Qf4 Nc4 22. Bxc4 dxc4 23. d5 e5 24. dxc6 1-0

[Event "13 ème Rapide Isle 2019"]
[Site "Isle, France"]
[Date "2019.09.22"]
[Round "2.2"]
[White "Rottat, Sebastien"]
[Black "Bedouin, Xavier"]
[Result "0-1"]
[TimeControl "15'+5''"]
[WhiteElo "1511"]
[BlackElo "2295"]

1. e4 Nf6 2. Nc3 Nc6 3. Nf3 d5 4. exd5 Nxd5 5. d3 Bg4 6. Be2 e6 7. O-O Be7 8. h3 Bh5 9. Ne4 Qd7 10.
Be3 f5 11. Ng3 Bxf3 12. Bxf3 O-O-O 13. Ne2 g5 14. g3 h5 15. Qd2 Rdg8 16. Kh2 g4 17. Bg2 h4 18. gxh4 Rxh4 19. Rh1 Bd6+ 20.
Kg1 gxh3 21. Ng3 Bxg3 22. fxg3 Rxg3 23. Rh2 Nxe3 24. Kf2 Rxg2+ 25. Rxg2 Nxg2 26. Qg5 Qd4+ 27. Ke2 Qg4+ 28. Qxg4 fxg4 29.
Kf2 Nd4 30. c3 Nf5 31. Rh1 Nf4 32. d4 g3+ 33. Kf3 g2 0-1

[Event "13 ème Rapide Isle 2019"]
[Site "Isle, France"]
[Date "2019.09.22"]
[Round "2.3"]
[White "Saada, Julien"]
[Black "Bolis, Michel"]
[Result "1-0"]
[TimeControl "15'+5''"]
[WhiteElo "2258"]
[BlackElo "1519"]

1. d4 Nf6 2. Bg5 d6 3. Bxf6 exf6 4. e3 g6 5. g3 Bg7 6. Bg2 O-O 7. Ne2 f5 8. O-O c5 9. c3 Qb6 10. Nd2 Be6 11. Qc2 Nd7 12. d5 Bxd5 13. Bxd5 Nf6 14. Bg2 d5 15.
Rfd1 Ne4 16. Nxe4 dxe4 17. Nf4 Rfd8 18. Qb3 Qc7 19. Bf1 Rd6 20. Rxd6 Qxd6 21. Rd1 Qe7 22. Nd5 Qd6 23. Qxb7 Qf8 24.
Ne7+ Kh8 25. Nc6 a5 26. Qxa8 Qxa8 27. Rd8+ Qxd8 28. Nxd8 Bf6 29. Nxf7+ Kg7 30. Bc4 Be7 31. a4 Kf6 32. Kf1 h5 33. Ke2 g5 34. f3 exf3+ 35. Kxf3 Kg6 36. Ne5+ Kf6 37. Nc6 Bd6 38.
Nxa5 g4+ 1-0

[Event "13 ème Rapide Isle 2019"]
[Site "Isle, France"]
[Date "2019.09.22"]
[Round "2.4"]
[White "Lougnon, Florian"]
[Black "Saucey, Michel"]
[Result "0-1"]
[TimeControl "15'+5''"]
[WhiteElo "1796"]
[BlackElo "2243"]

1. b3 d5 2. Bb2 Nf6 3.
e3 g6 4.
Nf3 Bg7 5. d4 O-O 6. Bd3 c5 7. O-O Nc6 8. a3 Ne4 9. Qc1 cxd4 10. Nxd4 Nxd4 11. Bxd4 e5 12. Bb2 Nc5 13. Be2 Be6 14.
Nd2 Rc8 15. Qd1 Qc7 16. c4 d4 17. exd4 exd4 18. Bf3 Nd3 19. Qc2 Nxb2 20. Qxb2 d3 21. Qa2 Bxa1 22. Qxa1 Bf5 23. g4 Qf4 24.
gxf5 Qxd2 25. fxg6 hxg6 26. Rd1 Qg5+ 27. Kh1 Rcd8 28. Bd5 Rxd5 29. cxd5 Qxd5+ 30. Kg1 d2 31. Qc3 Rd8 32. b4 Qg5+ 33.
Kf1 Qd5 34. Kg1 a6 35. a4 Qh5 36. Qb3 0-1

[Event "13 ème Rapide Isle 2019"]
[Site "Isle, France"]
[Date "2019.09.22"]
[Round "3.1"]
[White "Selebran, Henri"]
[Black "Chamaillard, Sylvain"]
[Result "1/2-1/2"]
[TimeControl "15'+5''"]
[WhiteElo "2109"]
[BlackElo "2033"]

1. c4 b6 2. Nf3 Nf6 3. g3 Bb7 4. Bg2 c5 5. O-O e6 6. Nc3 Be7 7. d4 cxd4 8. Nb5 O-O 9. Nbxd4 Nc6 10.
b3 d5 11. Nxc6 Bxc6 12. Ne5 Bb7 13. Bb2 Rc8 14. Qd4 Bc5 15. Qh4 Ne4 16. Qxd8 Rfxd8 17. Bxe4 dxe4 18. Rfd1 f6 19. Ng4 h5 20.
Ne3 Bxe3 21. fxe3 Kf7 22. a4 Bc6 23. Kf2 Ke8 24. Bc3 e5 25. Ke1 Rxd1+ 26. Rxd1 Rd8 27. Rxd8+ Kxd8 28. Bb4 Ke8 1/2-1/2

[Event "13 ème Rapide Isle 2019"]
[Site "Isle, France"]
[Date "2019.09.22"]
[Round "3.2"]
[White "Bedouin, Xavier"]
[Black "Lauferon, Augustin"]
[Result "0-1"]
[TimeControl "15'+5''"]
[WhiteElo "2295"]
[BlackElo "1854"]

1. Nf3 Nf6 2. g3 e6 3. Bg2 d5 4. O-O c5 5. d4 Nc6 6. c4 Be7 7. cxd5 Nxd5 8. Nc3 Nf6 9. dxc5 Qxd1 10.
Rxd1 Bxc5 11. Bf4 O-O 12. Ne5 Nxe5 13. Bxe5 Bxf2+ 14. Kh1 Ng4 15. Bd6 Rd8 16. Bc7 Re8 17. Bf3 e5 18. Nb5 Bc5 19.
Rd5 Be3 20. Kg2 Nf2 21. Kf1 Be6 22. Rxe5 Bh3+ 23. Ke1 Rxe5 24. Bxe5 Rd8 25. Bxb7 Ng4 26. Bf4 Bf2# 27. Be5 Be3 28.
Bf3 Nf2 29. Nd6 0-1

[Event "13 ème Rapide Isle 2019"]
[Site "Isle, France"]
[Date "2019.09.22"]
[Round "3.3"]
[White "Neau, Julien"]
[Black "Saada, Julien"]
[Result "1-0"]
[TimeControl "15'+5''"]
[WhiteElo "1940"]
[BlackElo "2258"]

1. d4 d5 2. c4 e6 3. cxd5 exd5 4. Nc3 c6 5. Nf3 Nf6 6. Bg5 Be7 7. Qc2 g6 8. e4 dxe4 9. Bxf6 Bxf6 10.
Qxe4+ Kf8 11. Bc4 Bf5 12. Qf4 Qe7+ 13. Kf1 Qb4 14. Bb3 Kg7 15. g4 Bd3+ 16. Kg2 Rf8 17. h4 Nd7 18. h5 g5 19.
Nxg5 Qxd4 20. h6+ Kg6 21. Qxd4 Bxd4 22. Rad1 Nc5 23. Nf3 Bxc3 24. bxc3 Rae8 25. Rxd3 Nxd3 26. Bc2 Rd8 27. Bxd3+ Kf6 28. g5+ Ke7 29. Re1+ Kd6 30.
Bxh7 Rh8 31. Rd1+ Ke7 32. Rxd8 Kxd8 33. Bf5 f6 34. g6 1-0

[Event "13 ème Rapide Isle 2019"]
[Site "Isle, France"]
[Date "2019.09.22"]
[Round "3.4"]
[White "Saucey, Michel"]
[Black "Brun, Pierre"]
[Result "1-0"]
[TimeControl "15'+5''"]
[WhiteElo "2243"]
[BlackElo "1746"]

1. d4 Nf6 2. c4 c5 3. d5 b5 4. Nf3 Bb7 5. Nfd2 bxc4 6.
e4 e6 7.
dxe6 dxe6 8. e5 Nd5 9. Nxc4 Nd7 10. Be2 N7b6 11. Na5 Qc7 12. Nxb7 Qxb7 13. Bb5+ Nd7 14. Qa4 Rb8 15. Na3 Nb4 16.
O-O a6 17. Be2 Qc6 18. Qxc6 Nxc6 19. Bxa6 Ndxe5 20. Bb5 Be7 21. f4 Rxb5 22. Nxb5 Ng6 23. Bd2 O-O 24. Bc3 Rb8 25. a4 Nb4 26.
Rad1 Nd5 27. f5 Ngf4 28. Rxf4 Nxf4 29. Be5 Rxb5 30. axb5 Nd5 31. fxe6 fxe6 32. Rxd5 exd5 33. b6 c4 34. b7 Bc5+ 35. Kf1 Ba7 36. b8=Q+ Bxb8 37. Bxb8 Kf7 38. Be5 g6 39. Ke2 Ke6 40. Bd4 Kf5 41. Ke3 h5 42. h3 g5 43. Kf3 g4+ 44. hxg4+ hxg4+ 45. Ke3 Kg5 46. g3 Kf5 47. Ba7 Ke5 48. Bb8+ Kf5 49.
Kd4 Ke6 50. Be5 1-0

[Event "13 ème Rapide Isle 2019"]
[Site "Isle, France"]
[Date "????.??.??"]
[Round "4.1"]
[White "Fritschy, Frits"]
[Black "Saucey, Michel"]
[Result "1-0"]
[TimeControl "15'+5''"]
[WhiteElo "2074"]
[BlackElo "2243"]

1. d4 Nf6 2. c4 e6 3.
Nf3 Bb4+ 4. Bd2 Qe7 5. g3 Nc6 6. Bg2 Bxd2+ 7. Qxd2 Ne4 8. Qf4 Qb4+ 9. Nbd2 Nxd2 10. Nxd2 Qxb2 11.
Rb1 Qxd4 12. Qxc7 O-O 13. e3 Qc3 14. Rb3 Qa1+ 15. Ke2 Qxa2 16. Rhb1 Qa5 17. Qd6 Qe5 18. Ne4 Qh5+ 19. Bf3 Qg6 20.
R1b2 f5 21. Nc5 e5 22. Bd5+ Kh8 23. Qxf8# 1-0

[Event "13 ème Rapide Isle 2019"]
[Site "Isle, France"]
[Date "????.??.??"]
[Round "4.2"]
[White "Girel, Joseph"]
[Black "Neau, Julien"]
[Result "1-0"]
[TimeControl "15'+5''"]
[WhiteElo "2146"]
[BlackElo "1940"]

1. Nf3 Nf6 2. c4 g6 3. b3 Bg7 4.
Bb2 O-O 5. g3 c6 6. Bg2 d5 7.
O-O Nbd7 8. d3 b5 9. Nbd2 Nc5 10. Qc2 bxc4 11. bxc4 Ne6 12. Ne5 Qd6 13. Rfc1 Rb8 14. Nef3 Rxb2 15.
Qxb2 Ng4 16. d4 c5 17. e3 cxd4 18. exd4 Nxd4 19. Nxd4 dxc4 20. N2f3 c3 21. Qxc3 1-0

[Event "13 ème Rapide Isle 2019"]
[Site "Isle, France"]
[Date "????.??.??"]
[Round "4.3"]
[White "Lauferon, Augustin"]
[Black "Selebran, Henri"]
[Result "0-1"]
[TimeControl "15'+5''"]
[WhiteElo "1854"]
[BlackElo "2109"]

1. e4 e5 2. Nf3 Nc6 3. d4 exd4 4. Bc4 Bb4+ 5. c3 dxc3 6. bxc3 Ba5 7. Qd5 Qe7 8.
Bg5 Nf6 9. Bxf6 Qxf6 10. O-O O-O 11. e5 Qf4 12. g3 Qg4 13. Kg2 d6 14. Be2 Be6 15. Qb5 dxe5 16. Nxe5 Qe4+ 17. Bf3 Qxe5 18. Bxc6 Qxb5 19. Bxb5 Rad8 20. a4 Rd6 21. Be2 Rfd8 22.
c4 c5 23. Na3 a6 24. Rab1 Bb4 25. Nc2 Bf5 26. Nxb4 Bxb1 27. Rxb1 Rb6 28. Nc6 Rxb1 29. Nxd8 Kf8 30. Bf3 b6 31. Nc6 Ra1 32. Bd5 Rxa4 33. Nd8 b5 34. cxb5 axb5 35. Kf1 Rd4 36.
Bc6 b4 37. Nb7 b3 38. f3 b2 39. Kg2 b1=Q 40. Nxc5 Qc2+ 0-1

[Event "13 ème Rapide Isle 2019"]
[Site "Isle, France"]
[Date "????.??.??"]
[Round "4.4"]
[White "Chamaillard, Sylvain"]
[Black "Dechaud, Nathan"]
[Result "1-0"]
[TimeControl "15'+5''"]
[WhiteElo "2033"]
[BlackElo "1450"]

1. d4 Nf6 2. Nf3 g6 3. c4 Bg7 4. Nc3 O-O 5. e4 d6 6. Be2 e5 7. O-O Nc6 8. d5 Ne7 9. b4 Ne8 10. c5 f5 11. Nd2 Nf6 12.
f3 c6 13. cxd6 Qxd6 14. Nc4 Qxb4 15. Qc2 Qc5+ 16. Be3 Qxe3+ 17. Nxe3 f4 18. Nc4 cxd5 19. Nxe5 Be6 20. Nd3 Rac8 21. Qb3 Nd7 22. Rac1 Nc5 23.
Nxc5 Rxc5 24. Nxd5 Nxd5 25. Rxc5 Bd4+ 26. Kh1 Bxc5 27. exd5 Bf7 28. Qxb7 Re8 29. Bb5 Rd8 30. Qc7 Bb6 31. Qxf4 Rxd5 32. Bc4 Rf5 33. Bxf7+ Rxf7 34. Qe4 Kg7 35. Rd1 Rc7 36. Qe6 Rc5 37.
Rd7+ Kh6 38. Qe3+ g5 39. Rd6+ Kg7 1-0

[Event "13 ème Rapide Isle 2019"]
[Site "Isle, France"]
[Date "????.??.??"]
[Round "5.1"]
[White "Fritschy, Frits"]
[Black "Girel, Joseph"]
[Result "0-1"]
[TimeControl "15'+5''"]
[WhiteElo "2074"]
[BlackElo "2146"]

1. d4 Nf6 2. c4 e6 3.
Nf3 d5 4. g3 Bb4+ 5. Bd2 Be7 6. Bg2 O-O 7. O-O c6 8. Qb3 b6 9. Nc3 Ba6 10. cxd5 cxd5 11. Rfc1 Bc4 12. Qd1 Nbd7 13.
b3 Ba6 14. a4 Ne8 15. e3 Nd6 16. Bf1 Bxf1 17. Qxf1 Qb8 18. Nb5 Rc8 19. Rxc8+ Nxc8 20. Rc1 Bd8 21. Rc2 a6 22. Nc3 Nd6 23.
Na2 b5 24. axb5 axb5 25. Nb4 Qb7 26. Nc6 Bf6 27. Bb4 Ne4 28. Kg2 h6 29. Nfe5 Bxe5 30. Nxe5 Nxe5 31. dxe5 d4 32. f3 dxe3 33.
Be1 Ra1 34. Qe2 Ng5 35. h4 Rxe1 36. Qxe1 Nxf3 37. Rc8+ Qxc8 38. Kxf3 Qc5 39. Qxe3 Qd5+ 40. Kf4 g6 41. b4 Kg7 42.
Qe4 Qd2+ 43. Kf3 Qc3+ 44. Kf2 Qb2+ 45. Kf3 Qc3+ 46. Kf2 Qd2+ 47. Kf3 Qd1+ 48.
Kf2 Qb3 49. Qf4 Qb2+ 50. Kf3 Kg8 51.
h5 Qb3+ 52. Kf2 Qc2+ 53. Kf3 Qd1+ 54. Ke3 Qxh5 55. Qd4 Qg5+ 56.
Kf3 Qf5+ 57. Ke3 Qf1 58. Qd8+ Kg7 59. Qe7 Qe1+ 60. Kd4 Qf2+ 61. Ke4 Qxg3 62. Qf6+ Kg8 63. Qd8+ Kh7 64. Qd7 Qg2+ 65. Ke3 Qg1+ 66. Ke2 Qg4+ 67. Ke3 Qg3+ 68. Ke2 Qxe5+ 69. Kd3 Qd5+ 0-1

[Event "13 ème Rapide Isle 2019"]
[Site "Isle, France"]
[Date "????.??.??"]
[Round "5.2"]
[White "Bedouin, Xavier"]
[Black "Chamaillard, Sylvain"]
[Result "1/2-1/2"]
[TimeControl "15'+5''"]
[WhiteElo "2295"]
[BlackElo "2033"]

1. e4 c5 2. c3 d6 3. d4 Nf6 4. Bd3 Nc6 5. Nf3 e5 6. dxe5 Nxe5 7. Bb5+ Bd7 8. Bxd7+ Qxd7 9. O-O Be7 10.
Re1 O-O 11. Na3 Rad8 12. Nxe5 dxe5 13. Qxd7 Nxd7 14. Be3 a6 15. Nc4 b5 16. Na5 Nb8 17. Rad1 f6 18. f3 Kf7 19. c4 Ke6 20.
Kf2 Rc8 21. Rc1 Nc6 22. Nxc6 Rxc6 23. Red1 Rfc8 24. Rd5 Rb8 25. cxb5 Rxb5 26. b3 a5 27. Rc4 Rb4 28. Rxb4 axb4 29.
Ke2 c4 30. bxc4 Rxc4 31. Rd2 f5 32.
exf5+ Kxf5 33. Kd1 Rc3 34. Ke2 b3 35. axb3 Rxb3 36. Rc2 h5 37. h3 Bf6 38. g4+ hxg4 39. hxg4+ Ke6 40. Rc7 Rb2+ 41.
Kd3 Rb3+ 42. Ke2 Ra3 43. g5 Ra2+ 44. Kd3 Ra3+ 45. Ke2 Ra2+ 46. Kf1 Be7 47. g6 Bf6 48. Bf2 Ra4 49. Kg2 e4 50.
fxe4 Rxe4 51. Kf3 Ra4 52. Rc1 Ke7 53. Ke4 Ke8+ 1/2-1/2

[Event "13 ème Rapide Isle 2019"]
[Site "Isle, France"]
[Date "????.??.??"]
[Round "5.3"]
[White "Selebran, Henri"]
[Black "Larand, Manuel"]
[Result "1-0"]
[TimeControl "15'+5''"]
[WhiteElo "2109"]
[BlackElo "1921"]

1. c4 Nf6 2. g3 g6 3. Bg2 Bg7 4. Nc3 c5 5. a3 Nc6 6. Nh3 Rb8 7. Rb1 e5 8. b4 d6 9. O-O Bd7 10.
bxc5 dxc5 11. f4 O-O 12. fxe5 Ng4 13. Ne4 Qe7 14. Nf4 Bf5 15. Nd5 Qd8 16. d3 Ngxe5 17. Nxc5 b6 18. Na6 Rc8 19.
Nab4 Nd4 20. Bb2 Nd7 21. Nc2 Nc6 22. Bxg7 Kxg7 23. Nce3 Be6 24. Nf4 Nde5 25. Nxe6+ fxe6 26. Qd2 Qd4 27.
Kh1 Ne7 28. Nc2 Qd6 29. Qb4 Qd7 30. Qb2 Qd6 31. Ne3 Kg8 32. Rxf8+ Rxf8 33. Rf1 Rc8 34. Nc2 N7c6 35. Qc1 Nd4 36. Nxd4 Qxd4 37. Qf4 Qd6 38. Bh3 Rc7 39. Qf6 1-0

[Event "13 ème Rapide Isle 2019"]
[Site "Isle, France"]
[Date "????.??.??"]
[Round "5.4"]
[White "Mace, Emmanuel"]
[Black "Saada, Julien"]
[Result "0-1"]
[TimeControl "15'+5''"]
[WhiteElo "1716"]
[BlackElo "2258"]

1. e4 c6 2. d4 d5 3. Nc3 dxe4 4.
Nxe4 Bf5 5. Ng3 Bg6 6.
h4 h6 7. h5 Bh7 8. Nf3 Nd7 9. Bd3 Bxd3 10. Qxd3 Qc7 11.
Bd2 Ngf6 12. O-O-O e6 13. Ne4 O-O-O 14. Nxf6 Nxf6 15. Qe2 Bd6 16. Ne5 c5 17. Bf4 Nd5 18. Bg3 c4 19. c3 Rhe8 20.
Qxc4 Bxe5 21. Qxc7+ Bxc7 22. Bh4 f6 23. g3 b5 24. Rhe1 e5 25. dxe5 Rxe5 26. Rxe5 Bxe5 27. f4 Bc7 28.
Re1 Kd7 29. f5 Re8 30. Rd1 Kc6 31. g4 Re4 32. Bf2 Bf4+ 33. Kb1 Be3 34. Bxe3 Nxe3 35. Re1 Kd5 36. b3 Ke5 0-1

[Event "13 ème Rapide Isle 2019"]
[Site "Isle, France"]
[Date "????.??.??"]
[Round "6.1"]
[White "Girel, Joseph"]
[Black "Selebran, Henri"]
[Result "1-0"]
[TimeControl "15'+5''"]
[WhiteElo "2146"]
[BlackElo "2109"]

1. e4 e5 2. Nf3 Nc6 3. Bb5 a6 4. Bxc6 dxc6 5. Nc3 Bd6 6. d3 Ne7 7. Be3 c5 8. Ne2 f6 9. O-O Bg4 10.
Nd2 Qd7 11. f3 Be6 12. Kh1 g5 13. Nc4 h5 14. c3 O-O-O 15. Qc2 Rdg8 16. Nxd6+ Qxd6 17. d4 f5 18. d5 Bd7 19. b4 c4 20.
Bc5 Qf6 21. Rad1 Ng6 22. d6 g4 23. f4 Bc6 24. fxe5 Qxe5 25. Rxf5 Qxe4 26. d7+ Kd8 27. Qxe4 Bxe4 28. Rf7 Rf8 29.
Nf4 1-0

[Event "13 ème Rapide Isle 2019"]
[Site "Isle, France"]
[Date "????.??.??"]
[Round "6.2"]
[White "Chamaillard, Sylvain"]
[Black "Fritschy, Frits"]
[Result "1-0"]
[TimeControl "15'+5''"]
[WhiteElo "2033"]
[BlackElo "2074"]

1. e4 e6 2. e5 d5 3. exd6 cxd6 4. d4 Nf6 5. Nf3 Be7 6. Bd3 O-O 7. O-O Nc6 8. c3 Re8 9. Re1 Bf8 10.
Bf4 Qb6 11. Qc2 g6 12. Na3 Nh5 13. Bg5 Bg7 14. h3 Bd7 15. g4 Nf6 16. Bf4 Bf8 17. Bg5 Bg7 18. Qd2 a6 19. Nc4 Qc7 20. Qf4 e5 21. dxe5 dxe5 22.
Ncxe5 Nxe5 23. Nxe5 Rxe5 24. Qxe5 Qxe5 25. Rxe5 Nxg4 26. Re7 Ne5 27. f4 Nxd3 28. Rxd7 Nxb2 29. Rxb7 Bxc3 30. Bh6 Nd3 31.
Rd1 Nc5 32. Rc7 Bb4 33. Rc1 Ne6 34. Rc8+ Rxc8 35. Rxc8+ Nf8 36. Bxf8 Bxf8 37. Ra8 a5 38. Rxa5 Bd6 39. Ra4 1-0

[Event "13 ème Rapide Isle 2019"]
[Site "Isle, France"]
[Date "????.??.??"]
[Round "6.3"]
[White "Saada, Julien"]
[Black "Budak, Lori"]
[Result "1-0"]
[TimeControl "15'+5''"]
[WhiteElo "2258"]
[BlackElo "1685"]

1. d4 Nf6 2. Bg5 g6 3. Bxf6 exf6 4. e3 d5 5. g3 Bg7 6. Bg2 O-O 7. Ne2 Nc6 8. O-O Ne7 9. Nd2 c6 10. c4 Be6 11. Rc1 Qd7 12. Nf4 Rac8 13. b4 Rfe8 14. Nb3 b6 15. Nd2 Bg4 16. f3 Nf5 17.
fxg4 Nxe3 18. Qf3 Nxf1 19. Rxf1 dxc4 20. d5 c3 21. Qxc3 cxd5 22. Qd3 Qxg4 23. Nxd5 Qe6 24. Ne4 f5 25.
Ng5 Qe5 26. Nf3 Qb2 27. Rf2 Qc1+ 28. Bf1 Kh8 29. Rd2 Rcd8 30. Ng5 Rd7 31. Nf6 Rxd3 32. Nxf7# 1-0

[Event "13 ème Rapide Isle 2019"]
[Site "Isle, France"]
[Date "????.??.??"]
[Round "6.4"]
[White "Saucey, Michel"]
[Black "Budak, Rezan"]
[Result "1/2-1/2"]
[TimeControl "15'+5''"]
[WhiteElo "2243"]
[BlackElo "1890"]

1. d4 d5 2. Nf3 Nf6 3. Bf4 Bg4 4.
Ne5 Bh5 5. c4 e6 6. Nc3 Nbd7 7. g4 Nxe5 8. dxe5 Nxg4 9. cxd5 exd5 10. Qxd5 Qxd5 11. Nxd5 O-O-O 12. Bg2 c6 13. Rc1 Kd7 14. f3 cxd5 15. fxg4 Bxg4 16. Bxd5 Bb4+ 17. Kf2 b6 18. Rhd1 Ke7 19. Rc7+ Rd7 20. Rxd7+ Bxd7 21. e3 Bc5 22.
Bg5+ f6 23. exf6+ gxf6 24. Bh4 Be6 25. Bxe6 Kxe6 26. Kf3 Rg8 27. b3 Bd6 28. Bg3 Bxg3 29. hxg3 Rc8 30. Rd2 Rc7 31. Rh2 Kf5 32. g4+ Ke5 33. Rh5+ Ke6 34.
Rh6 Ke5 35. Rh5+ Ke6 36. Rh2 a5 37.
Kf4 a4 38. bxa4 Rc4+ 39. e4 Rxa4 40. Rb2 Ra6 41. Rc2 b5 42.
Rb2 Ra5 43. Rh2 b4 44. Rh6 Rxa2 45. g5 Rf2+ 46. Ke3 Rf1 47.
gxf6 Ke5 48. Rxh7 b3 49. Rb7 Ke6 50. Rb6+ Ke5 51. Kd3 Rf3+ 52. Kd2 Rxf6 53.
Rxf6 Kxf6 54. Kc3 Ke5 55. Kxb3 Kxe4 1/2-1/2

[Event "13 ème Rapide Isle 2019"]
[Site "Isle, France"]
[Date "????.??.??"]
[Round "7.2"]
[White "Budak, Rewi"]
[Black "Saada, Julien"]
[Result "0-1"]
[TimeControl "15'+5''"]
[WhiteElo "2102"]
[BlackElo "2258"]

1. g3 d5 2. Bg2 e5 3. b3 c6 4. Bb2 Bd6 5. f4 Qe7 6. Nf3 Nd7 7. O-O Ngf6 8. e3 O-O 9. Nc3 Re8 10.
fxe5 Nxe5 11. Nd4 Bg4 12. Qe1 Qd7 13. Qf2 Bf8 14. Nce2 Ne4 15. Qe1 c5 16. Nf3 Nxf3+ 17. Bxf3 Bh3 18. Bg2 Bxg2 19. Kxg2 Ng5 20. Qf2 d4 21. h4 Ne4 22.
Qe1 dxe3 23. dxe3 Qc6 24. Kh2 Bd6 25. Nf4 Be5 26. Bxe5 Rxe5 27. Rd1 Nf6 28. Rd3 Rae8 29. Qe2 h5 30.
Ng2 Qe6 31. Re1 Ng4+ 32. Kg1 Qe7 33. Qd2 Nf6 34. Qf2 g6 35. Qd2 Ne4 36. Qd1 Nxg3 37. Rd7 Qe6 38. Rxb7 Qh3 39. Qf3 Rf5 40. Nf4 Rxf4 41. Qxf4 Qh1+ 42.
Kf2 Ne4+ 43. Ke2 Qg2+ 44. Kd3 Qd2+ 45. Kc4 Nd6+ 46. Qxd6 Qxd6 47. Rxa7 Qd2 48. Rh1 Qxc2+ 49. Kb5 Rb8+ 50. Kc6 Qe4+ 51. Kc7 Rxb3 52. Rd1 Rxe3 53. Rd8+ Kg7 54. Rd7 Rd3 55. Kb6 Qe6+ 0-1

[Event "13 ème Rapide Isle 2019"]
[Site "Isle, France"]
[Date "????.??.??"]
[Round "7.3"]
[White "Bedouin, Xavier"]
[Black "Neau, Julien"]
[Result "1-0"]
[TimeControl "15'+5''"]
[WhiteElo "2295"]
[BlackElo "1940"]

1. c4 Nf6 2. b3 g6 3. Bb2 Bg7 4. Nf3 O-O 5. e3 d6 6. d4 Nbd7 7. Be2 e5 8. O-O c6 9. Nc3 Re8 10.
Qc2 Nb6 11. Rfd1 Qe7 12. c5 dxc5 13. dxe5 Ng4 14. Ne4 Bf5 15. Bd3 Nxe5 16. Nxe5 Bxe5 17. Bxe5 Qxe5 18. Nxc5 Bxd3 19. Nxd3 Qe4 20.
Qc5 Nd5 21. Rac1 Qe7 22. Qxe7 Rxe7 23. Nc5 Rc8 24. Nxb7 Nb4 25. Nd6 Rd8 26. a3 Red7 27. axb4 Rxd6 28. Rxd6 Rxd6 29. g3 Rd3 30. Rxc6 Rxb3 31. Ra6 Rxb4 32. Rxa7 Rb2 33. g4 Rb4 34. h3 1-0

[Event "13 ème Rapide Isle 2019"]
[Site "Isle, France"]
[Date "????.??.??"]
[Round "7.4"]
[White "Selebran, Henri"]
[Black "Budak, Rezan"]
[Result "1-0"]
[TimeControl "15'+5''"]
[WhiteElo "2109"]
[BlackElo "1890"]

1. c4 Nf6 2. g3 e5 3. Bg2 Bc5 4. Nc3 O-O 5. e3 Nc6 6. Nge2 d6 7. d4 Bb6 8. O-O Qe7 9. Na4 Bd7 10.
Nxb6 axb6 11. b3 Rae8 12. Bb2 h6 13. dxe5 Nxe5 14. Nc3 Bc6 15. Nd5 Qd8 16. Nxf6+ gxf6 17. Qh5 Kg7 18. Rad1 Bxg2 19. Kxg2 Qd7 20. Rd4 Qc6+ 21.
f3 Ng6 22. Rf4 Nxf4+ 23. gxf4 Rxe3 24. Kf2 Rfe8 25. Rg1+ Kf8 26. Qxh6+ Ke7 27. Kxe3 Kd8+ 28. Kd2 Qxf3 29. Qxf6+ Kc8 30. Qd4 Re4 31. Qh8+ Kd7 32. Qg7 Qxf4+ 33. Kc2 Re2+ 34. Kb1 Rxh2 35. Qg4+ Qxg4 36. Rxg4 Ke6 37. Re4+ Kd7 38. Rf4 Ke6 39. Bd4 f5 40. Rf2 Rh3 41. Kc2 Rh4 42. Kd3 1-0